 Dungeon Crawl Stone Soup version 0.29-a0-320-g9f8742066b (webtiles) character file.

Game seed: 2313849910859242028

659 spaghetti the Ruffian (level 7, -2/50 HPs)
             Began as a Djinni Berserker on Apr 2, 2022.
             Was a Believer of Trog.
             Slain by a hound (5 damage)
             ... on level 6 of the Dungeon.
             The game lasted 00:06:21 (6185 turns).

spaghetti the Ruffian (Djinni Berserker)            Turns: 6185, Time: 00:06:21

Health: -2/50      AC:  1    Str: 18    XL:     7   Next: 86%
Gold:   347        EV: 11    Int:  8    God:    Trog [**....] SH:  0 Dex: 19

rFire   + + .      SeeInvis .     - Unarmed
rCold   x . .      Faith    .   (no shield)
rNeg    . . .      Spirit   .   x - +0 ring mail {rPois}
rPois   ∞          Reflect  .   (no helmet)
rElec   .          Harm     .   (no cloak)
rCorr   .          Rampage  .   (no gloves)
Will    .....                   (boots unavailable)
Stlth   +.........              (no amulet)
HPRegen 0.16/turn               F - +6 ring of dexterity
MPRegen 0.00/turn               (no ring)

@: marked, corroded, on berserk cooldown, flying, slowed, very slow
A: sickness immunity, fire resistance 2, cold vulnerability 1, float, innate
caster, HP casting, extra vitality 1
a: Renounce Religion, Berserk, Trog's Hand


You were on level 6 of the Dungeon.
You worshipped Trog.
Trog was pleased with you.
You visited 1 branch of the dungeon, and saw 6 of its levels.

You collected 369 gold pieces.
You spent 22 gold pieces at shops.


Innate Abilities, Weirdness & Mutations

You are immune to sickness and miasma.
You are immune to poison.
Your flesh is very heat resistant. (rF++)
You are vulnerable to cold. (rC-)
You float through the air rather than walking.
You learn spells naturally, not from books.
Your magical power is your life essence.
You have superior vitality. (+4 MHP)


   Skills:
 - Level 3.0 Fighting
 * Level 4.2 Throwing
 - Level 2.0 Armour
 - Level 2.1 Dodging
 + Level 6.6 Unarmed Combat


You couldn't memorise any spells.
You knew the following spells:

 Your Spells              Type           Power      Damage    Failure   Level
a - Sting                 Tmut/Pois      0%         1d3       58%         1
b - Corpse Rot            Necr/Air       0%         N/A       75%         2
c - Vampiric Draining     Necr           0%         2d6       92%         3
Your spell library was empty.

Inventory:

Missiles
 g - 141 stones (quivered) {throwing}
 s - 12 poisoned darts {throwing}
 z - a throwing net {=f!fthrowing}
Armour
 a - a +0 animal skin
 x - a +0 ring mail of poison resistance (worn)
   (You found it on level 3 of the Dungeon)
Magical Staves
 v - a staff of earth {forbidden!astaff}
   (You found it on level 3 of the Dungeon)
 w - a staff of fire {forbidden!astaff}
   (You found it on level 3 of the Dungeon)
Jewellery
 F - a +6 ring of dexterity (left hand)
   (You found it on level 6 of the Dungeon)
Wands
 D - a wand of flame (18)
   (You found it on level 5 of the Dungeon)
Scrolls
 c - 4 scrolls of immolation {!r!r}
 d - a scroll of silence {!r}
 e - 2 scrolls of amnesia
 i - 2 scrolls of vulnerability {!r!r}
 j - a scroll of teleportation {@r4}
 k - 2 scrolls of fear {unknown}
 l - 3 scrolls of blinking {unknown}
 m - a scroll of magic mapping {unknown}
 y - a scroll of brand weapon {unknown}
 C - a scroll of summoning {unknown}
Potions
 b - 3 potions of cancellation {unknown}
 f - a potion of brilliance {unknown}
 h - 2 potions of lignification {unknown}
 n - a potion of mutation {unknown}
 o - 3 potions of curing {unknown}
 p - 3 potions of might {unknown}
 q - 2 potions of heal wounds {unknown}
 r - a potion of berserk rage {unknown}
 t - a potion of ambrosia {unknown}
 u - a potion of magic {unknown}
 A - a potion of resistance {unknown}
 B - a potion of haste {unknown}
 E - a potion of flight {unknown}

Dungeon Overview and Level Annotations

Branches:
Dungeon (6/15)
 Temple: D:4-7

Altars:

Shops:
D:2 *

Annotations:
D:6 Pikel

#. . ##.#. #...#
#...# #...#####
#...#...
#######...#.####
......hhK......#
K....5.@J......#
#......KK..O$.#.....
#.####....#.##.#....
#....#.........
#....#.####O...
#.)..#.# $O..
#<)....# ...
#......# #. ##.#..##


You could see a two-headed ogre, Pikel, a kobold brigand, a lemure, 2 hounds, a
jelly and 2 kobolds.


Message History

😮 HP[+1]
You start resting. 😎 HP[+14]
Your hp is fully restored (50).
You fly downwards.
There is a stone staircase leading up here.
s - 12 poisoned darts {throwing} (gained 7)
Things that are here:
a +0 dagger {short}; a kobold skeleton
F - a +6 ring of dexterity A sourceless malevolence fills the Dungeon...
With a horrendous wail, an alarm goes off!
A sentinel's mark forms upon you.
You hear a shout! x3; You hear two shouts!
You hear a shout! x2
You hear a bark!
You hear a shout! x3
You feel agile.
F - a +6 ring of dexterity (left hand)
g - 141 stones {throwing} (gained 2)
g - 142 stones {throwing} (gained 1)
A jelly comes into view.
A jelly is nearby!
A jelly is nearby!
A jelly is nearby!
You throw a stone {throwing}. The stone {throwing} hits the jelly.
A jelly comes into view.
You barely miss the jelly. The jelly misses you.
A kobold comes into view. It is wielding a +0 dagger.
You hit the jelly.
Your hands burn!
A two-headed ogre comes into view.
It is wielding a +0 giant club and a +0 giant spiked club.
The jelly hits you.
You are splashed with acid. 😕 HP[-8]
You take 8 damage, and now have 42/50 hp.
You are too injured to fight recklessly!
You are too injured to fight recklessly!
You are too injured to fight recklessly!
You are too injured to fight recklessly!
You are too injured to fight recklessly!
You are too injured to fight recklessly!
You are too injured to fight recklessly!
You are too injured to fight recklessly!
You are too injured to fight recklessly!
You are too injured to fight recklessly!
You are too injured to fight recklessly!
You are too injured to fight recklessly!
You are too injured to fight recklessly!
You are too injured to fight recklessly!
You are too injured to fight recklessly!
You are too injured to fight recklessly!
You are too injured to fight recklessly!
You are too injured to fight recklessly!
You are too injured to fight recklessly!
Unknown command.
A red film seems to cover your vision as you go berserk!
You feel yourself moving faster!
You feel mighty! The jelly hits you.
You are splashed with acid. 😕 HP[+15]
You now have 75 max hp (+25).
You regained 15 hp, and now have 57/75 hp.
You punch the jelly!
You kill the jelly!
Trog accepts your kill.
A kobold brigand comes into view. It is wielding a +0 dagger.
A kobold comes into view. It is wielding a +0 dagger.
You feel a strong urge to attack something.
The jelly hits you. The acid corrodes you!
You are splashed with acid. 😮 HP[-8]
You take 8 damage, and now have 49/75 hp.
A hound comes into view.
You are no longer berserk.
You are exhausted.
You feel yourself slow down. 😮 HP[-16]
You now have 50 max hp (-25).
A hound comes into view.
The jelly barely misses you.
A lemure comes into view.
The jelly hits you.
You are splashed with acid!
* * * LOW HITPOINT WARNING * * *
The kobold hits you with a +0 dagger.
* * * LOW HITPOINT WARNING * * *
😨 HP[-11]
You take 11 damage, and now have 22/50 hp.
MASSIVE DAMAGE!! (PAUSE)
The jelly attacks as you move away! The jelly misses you.
There is a stone staircase leading up here.
The jelly completely misses you. The kobold hits you with a +0 dagger.
* * * LOW HITPOINT WARNING * * *
The kobold brigand hits you with a +0 dagger.
* * * LOW HITPOINT WARNING * * *
The hound bites you.
* * * LOW HITPOINT WARNING * * *
The kobold barely misses you.
The kobold brigand hits you with a +0 dagger.
* * * LOW HITPOINT WARNING * * *
The jelly hits you.
* * * LOW HITPOINT WARNING * * *
You are splashed with acid.
* * * LOW HITPOINT WARNING * * *
The kobold closely misses you. The hound bites you.
You die...

Skill      XL: |  1  2  3  4  5  6  7 |
---------------+----------------------+-----
Unarmed Combat | 4 5 6 |  6.6
Throwing       | 1 3 4 |  4.2
Fighting       | |  3.0
Armour         | |  2.0
Dodging        | |  2.1

Action                   |  1- 3 |  4- 6 |  7- 9 || total
-------------------------+-------+-------+-------++-------
Melee: Unarmed           |    85 |   153 |    44 ||   282
       Punch             |     3 |     3 |       ||     6
Throw: Stone             |    46 |   112 |    16 ||   174
Invok: Berserk           |     3 |     2 |     3 ||     8
  Use: Scroll            |     1 |     4 |       ||     5
 Stab: Sleeping          |     1 |       |       ||     1
Armor: Animal skin       |    18 |     7 |       ||    25
       Ring mail         |       |    21 |    19 ||    40
Dodge: Dodged            |    45 |    77 |    32 ||   154

Levels and vault maps discovered:
D:1:      lightli_arrival_noodles, layout_loops_ring,
          ebering_ecumenical_altar_rust
D:2:      layout_basic, serial_shops, shop, patterned_corridor
D:3:      layout_basic, grunt_ministairs_7, st_stairs_8,
          kennysheep_generic_room_9
D:4:      layout_gridville
D:5:      layout_gridville
D:6:      layout_loops_cross, minmay_temple_entry_trees, uniq_pikel

Notes
Turn   | Place    | Note
-------+----------+-------------------------------------------
     0 | D:1      | spaghetti the Djinni Berserker began the quest for the Orb.
     0 | D:1      | Reached XP level 1. HP: 20/20 MP: 0/0
     0 | D:1      | magus.rc [v1.9.6]
   291 | D:1      | Reached XP level 2. HP: 25/25 MP: 0/0
   629 | D:1      | Found a faded altar of an unknown god.
   683 | D:1      | Reached skill level 4 in Unarmed Combat
   683 | D:1      | Reached XP level 3. HP: 26/30 MP: 0/0
   683 | D:1      | Learned a level 1 spell: Sting
  1051 | D:2      | Found Saagroph's General Store.
  1062 | D:2      | Bought a scroll of identify for 22 gold pieces
  1334 | D:2      | Reached ** piety under Trog
  1556 | D:2      | Reached XP level 4. HP: 35/35 MP: 0/0
  2801 | D:3      | Reached skill level 5 in Unarmed Combat
  2807 | D:3      | Reached XP level 5. HP: 36/40 MP: 0/0
  2807 | D:3      | Learned a level 2 spell: Corpse Rot
  3973 | D:4      | Reached skill level 1 in Throwing
  4019 | D:4      | Reached XP level 6. HP: 38/46 MP: 0/0
  4119 | D:4      | Reached skill level 2 in Throwing
  4660 | D:5      | Entered Level 5 of the Dungeon
  4780 | D:5      | Reached skill level 6 in Unarmed Combat
  4961 | D:5      | Reached skill level 3 in Throwing
  4961 | D:5      | Reached XP level 7. HP: 41/50 MP: 0/0
  4961 | D:5      | Learned a level 3 spell: Vampiric Draining
  5933 | D:6      | Reached skill level 4 in Throwing
  5934 | D:6      | HP: 18/75 [acid (5)]
  6177 | D:6      | Noticed a two-headed ogre
  6185 | D:6      | Identified a +1 robe of the Archmagi
  6185 | D:6      | Noticed Pikel
  6185 | D:6      | HP: 10/50 [kobold brigand/+0 dagger (6)]
  6185 | D:6      | HP: 3/50 [acid (5)]
  6185 | D:6      | Slain by a hound

Vanquished Creatures
  A centaur (D:6)
  A kobold brigand (D:6)
  2 scorpions (D:5)
  3 jellies
  An orc priest (D:4)
  2 iguanas
  2 orc wizards
  7 adders
  2 dart slugs
  6 orcs
  5 bats
  12 endoplasms
  5 giant cockroaches
  6 goblins
  7 hobgoblins
  7 jackals
  A quokka (D:3)
  9 ball pythons
  5 frilled lizards
  5 kobolds
  7 rats
96 creatures vanquished.

Table legend:
 A = Non-vault XP
 B = Vault XP
 C = Vault XP percentage of total XP
 D = Non-vault monster count
 E = Vault monster count
 F = Vault count percentage of total count
                 A         B        C        D         E       F
            +---------+---------+-------+---------+---------+-------
      Total |     905 |      37 |   3.9 |      90 |       6 |   6.2
            +---------+---------+-------+---------+---------+-------
        D:1 |      38 |       0 |   0.0 |      24 |       0 |   0.0
        D:2 |      45 |       0 |   0.0 |      18 |       0 |   0.0
        D:3 |      70 |      37 |  34.6 |      16 |       6 |  27.3
        D:4 |     180 |       0 |   0.0 |      16 |       0 |   0.0
        D:5 |     270 |       0 |   0.0 |      12 |       0 |   0.0
        D:6 |     302 |       0 |   0.0 |       4 |       0 |   0.0
            +---------+---------+-------+---------+---------+-------

Illustrated notes

Table legend:
 A = Kills in this place as a percentage of kills in entire the game.
 B = Kills by you in this place as a percentage of kills by you in the entire game.
 C = Kills by friends in this place as a percentage of kills by friends in the entire game.
 D = Other kills in this place as a percentage of other kills in the entire game.
 E = Experience gained in this place as a percentage of experience gained in the entire game.
 F = Experience gained in this place divided by the number of levels of this place that you have seen.
                   A       B       C       D       E      F
               +-------+-------+-------+-------+-------+----------------------
         Total | 100.0 | 100.0 |   N/A |   N/A | 100.0 | 157.0
       Dungeon | 100.0 | 100.0 |   N/A |   N/A | 100.0 | 157.0
               +-------+-------+-------+-------+-------+----------------------

Table legend: (Time is in decaauts)
 A = Elapsed time spent in this place.
 B = Non-inter-level travel time spent in this place.
 C = Inter-level travel time spent in this place.
 D = Time resting spent in this place.
 E = Time spent auto-exploring this place.
 F = Levels seen in this place.
 G = Mean time per level.
                   A        B        C        D        E       F      G
               +--------+--------+--------+--------+--------+-----+--------+
         Total |   6237 |   6117 |    120 |   1564 |   3866 |   6 | 1039.5 |
       Dungeon |   6237 |   6117 |    120 |   1564 |   3866 |   6 | 1039.5 |
               +--------+--------+--------+--------+--------+-----+--------+

Top non-repeatable levels by time:
     D:2: 1806 daAuts
     D:5: 1346 daAuts
     D:4: 1095 daAuts
     D:1: 1078 daAuts
     D:3: 719 daAuts
     D:6: 190 daAuts
